 Dungeon Crawl Stone Soup version 0.20.1-1-g8b1a95d (webtiles) character file.

65 slep the Ducker (level 3, 0/28 HPs)
             Began as a Demonspawn Gladiator on Oct 24, 2017.
             Slain by a phantom (5 damage)
             ... on level 3 of the Dungeon.
             The game lasted 00:06:37 (1399 turns).

slep the Ducker (Demonspawn Gladiator)              Turns: 1399, Time: 00:06:37

Health: 0/28       AC:  6    Str: 14    XL:     3   Next: 92%
Magic:  3/3        EV: 13    Int:  9    God:
Gold:   124        SH:  0    Dex: 15    Spells: 2/2 levels left

rFire    . . .     SeeInvis .   a - +0 long sword
rCold    . . .     Gourm    .   (no shield)
rNeg     . . .     Faith    .   b - +0 leather armour
rPois    .         Spirit   .   (helmet restricted)
rElec    .         Reflect  .   m - +0 cloak
rCorr    .         Harm     .   s - +0 pair of gloves
MR       .....                  r - +0 pair of boots
Stlth    +.........             l - amulet of magic regeneration
Regen    0.1/turn               (no ring)
MPRegen  0.2/turn               (no ring)

@: no status effects
A: antennae 1, sturdy frame 1
a: no special abilities


You were on level 3 of the Dungeon.
You were hungry.

You visited 1 branch of the dungeon, and saw 3 of its levels.

You collected 124 gold pieces.

Inventory:

Hand Weapons
 a - a +0 long sword (weapon)
Missiles
 d - 3 throwing nets (quivered)
Armour
 b - a +0 leather armour (worn)
 c - a +0 helmet
 m - a +0 cloak (worn)
 r - a +0 pair of boots (worn)
 s - a +0 pair of gloves (worn)
Jewellery
 l - an amulet of magic regeneration (around neck)
Scrolls
 e - a scroll of immolation {unknown}
 g - a scroll of teleportation {unknown}
 k - a scroll of remove curse {unknown}
 n - a scroll of enchant weapon {unknown}
 o - 3 scrolls of identify {unknown}
 t - a scroll of noise {unknown}
Potions
 h - 2 potions of haste {unknown}
 i - 2 potions of curing
 j - a potion of cancellation {unknown}
 p - a potion of brilliance {unknown}
Comestibles
 f - 3 bread rations


   Skills:
 + Level 2.4 Fighting
 + Level 3.3 Long Blades
 + Level 1.9 Throwing
 + Level 0.3 Armour
 + Level 3.4 Dodging
 + Level 0.2 Stealth


You had 2 spell levels left.
You didn't know any spells.

Dungeon Overview and Level Annotations

Branches:
Dungeon (3/15)

Altars:

Annotations:
D:3 1 runed door


Innate Abilities, Weirdness & Mutations

You have a pair of small antennae on your head.
Your movements are slightly less encumbered by armour. (ER -2)


Message History

The phantom hits you.
* * * LOW HITPOINT WARNING * * *
You hit the phantom.
The phantom is severely damaged.
The phantom hits you.
* * * LOW HITPOINT WARNING * * *
The phantom blinks!
A goblin comes into view. It is wielding a club.
The phantom barely misses you.
You closely miss the phantom.
The phantom is severely damaged.
The phantom barely misses you.
You slash the phantom!
The phantom is almost destroyed.
The phantom closely misses you.
You barely miss the phantom.
The phantom is almost destroyed.
The goblin shouts!
The phantom hits you.
You die...

+.♣♣♣♣......#.##
#♣..♣......##.##
♣♣♣.♣...####.## ♣♣♣♣♣##
#.## #.## ### #.##
#.##############.# #...
#................#######
g..!..W@...<............
.#####################.#
#.## ##.# #.. #.# #.#
#.# #.#


You could see a phantom and a goblin.

Vanquished Creatures
  An adder (D:2)
  2 oozes
  A worm (D:2)
  3 dart slugs
  2 leopard geckos (D:1)
  4 giant cockroaches
  2 goblins
  4 hobgoblins
  2 jackals (D:1)
  5 kobolds
  2 bats
  3 frilled lizards (D:1)
  6 rats
37 creatures vanquished.

Notes
Turn   | Place    | Note
-------+----------+-------------------------------------------
     0 | D:1      | slep the Demonspawn Gladiator began the quest for the Orb.
     0 | D:1      | Reached XP level 1. HP: 16/16 MP: 1/1
    74 | D:1      | Gained mutation: You have a pair of small antennae on your head. [demonic ancestry]
    74 | D:1      | Reached XP level 2. HP: 16/22 MP: 2/2
   460 | D:1      | Gained mutation: Your movements are slightly less encumbered by armour. (ER -2) [demonic ancestry]
   460 | D:1      | Reached XP level 3. HP: 12/27 MP: 3/3
  1331 | D:3      | Found a runed door.
  1370 | D:3      | Noticed a phantom
  1399 | D:3      | Slain by a phantom

Skill      XL: |  1  2 |
---------------+-------+-----
Dodging        | 3 |  3.4
Long Blades    | 3 |  3.3
Fighting       | |  2.4
Throwing       | |  1.9
Armour         | |  0.3
Stealth        | |  0.2

Action                   || total
-------------------------++-------
Melee: Long sword        ||   110
  Use: Potion            ||     4
 Stab: Sleeping          ||     3
  Eat: Chunk             ||     1
Armor: Leather armour    ||    20
Dodge: Dodged            ||    66
       Rpst.: Long sword ||    19
